 Dungeon Crawl Stone Soup version 0.25.1-1-g288607f5aa (webtiles) character file.

Game seed: 14965265456834626688

5843 protoss039 the Thaumaturge (level 10, -13/50 HPs)
             Began as a Deep Elf Earth Elementalist on July 23, 2020.
             Was a Believer of Sif Muna.
             Mangled by a two-headed hydra (15 damage)
             ... on level 9 of the Dungeon.
             The game lasted 00:31:19 (10766 turns).

protoss039 the Thaumaturge (DEEE)                  Turns: 10766, Time: 00:31:20

Health: -13/50     AC:  9    Str:  5    XL:     10   Next: 51%
Magic:  18/29      EV: 12    Int: 24    God:    Sif Muna [**....]
Gold:   619        SH:  0    Dex: 15    Spells: 11/35 levels left

rFire    + . .     SeeInvis .   G - +4 quarterstaff (chaos)
rCold    + . .     Gourm    .   (shield currently unavailable)
rNeg     . . .     Faith    .   w - +0 leather armour {rC+}
rPois    .         Spirit   .   K - +0 helmet
rElec    .         Reflect  .   H - +2 cloak
rCorr    +         Harm     .   (no gloves)
MR       +....                  P - +1 pair of boots
Stlth    ++........             I - amulet of the acrobat
HPRegen  0.16/turn              k - ring of protection from fire
MPRegen  0.21/turn              y - ring of resist corrosion

@: very slightly contaminated
A: no striking features
a: Channel Magic, Renounce Religion


You were on level 9 of the Dungeon.
You worshipped Sif Muna.
Sif Muna was pleased with you.
You were hungry.

You visited 2 branches of the dungeon, and saw 10 of its levels.

You collected 619 gold pieces.

Inventory:

Hand Weapons
 G - a +4 quarterstaff of chaos (weapon)
 N - the +8 Wrath of Trog {antimagic, *Rage}
   (You took it off Grum on level 8 of the Dungeon)

   It reduces the magical energy of the wielder, and disrupts the spells and
   magical abilities of those hit.
   Natural abilities and divine invocations are not affected.
   It may make you go berserk in combat.
Missiles
 b - 261 stones (quivered)
Armour
 e - a +2 kite shield
 w - a +0 leather armour of cold resistance (worn)
 H - a +2 cloak (worn)
 K - a +0 helmet (worn)
 P - a +1 pair of boots (worn)
Jewellery
 k - a ring of protection from fire (left hand)
 y - a ring of resist corrosion (right hand)
 A - a cursed amulet of inaccuracy {unknown}
 E - an uncursed ring of positive energy
 I - an amulet of the acrobat (around neck)
Wands
 n - a wand of clouds (3)
 L - a wand of flame (9)
 M - a wand of polymorph (8)
 O - a wand of iceblast (5)
Scrolls
 f - 6 scrolls of blinking {unknown}
 m - a scroll of fog {unknown}
 p - 3 scrolls of immolation {unknown}
 q - 6 scrolls of magic mapping {unknown}
 r - 6 scrolls of teleportation {unknown}
 s - 2 scrolls of enchant armour {unknown}
 u - 5 scrolls of remove curse
 v - a scroll of enchant weapon
 x - a scroll of fear
 B - a scroll of amnesia
 J - a scroll of holy word {unknown}
Potions
 a - 3 potions of mutation {unknown}
 c - 2 potions of flight {unknown}
 g - 2 potions of cancellation {unknown}
 h - 2 potions of lignification {unknown}
 i - 3 potions of haste
 j - 2 potions of degeneration {unknown}
 l - a potion of magic {unknown}
 o - 2 potions of stabbing {unknown}
 t - 4 potions of curing {unknown}
 z - 3 potions of resistance {unknown}
 C - 2 potions of heal wounds {unknown}
 D - a potion of berserk rage {unknown}
 F - 3 potions of ambrosia {unknown}
 Q - a potion of might {unknown}
Comestibles
 d - 15 rations


   Skills:
 * Level 2.6 Armour
 - Level 3.0 Dodging
 - Level 3.0 Stealth
 * Level 13.4 Spellcasting
 + Level 4.1 Conjurations
 - Level 2.0 Hexes
 - Level 2.0 Charms
 * Level 4.6 Transmutations
 - Level 2.0 Ice Magic
 + Level 9.4 Earth Magic
 - Level 4.0 Invocations


You had 11 spell levels left.
You knew the following spells:

 Your Spells              Type           Power        Failure   Level  Hunger
a - Sandblast             Erth           ######       1%          1    None
b - Passwall              Tmut/Erth      ######..     1%          2    None
c - Stone Arrow           Conj/Erth      #####.       1%          3    None
d - Petrify               Tmut/Erth      ######..     3%          4    None
e - Lee's Rapid Deconstr  Erth           ######....   3%          5    ###....
f - Slow                  Hex            ####....     4%          2    None
g - Cause Fear            Hex            ####......   26%         4    None
h - Ozocubu's Armour      Chrm/Ice       ####....     8%          3    None

Your spell library contained the following spells:

 Spells                   Type           Power        Failure   Level  Hunger
 Corona                   Hex            ####...      2%          1    None
 Infusion                 Chrm           ####         2%          1    None
 Song of Slaying          Chrm           ####....     4%          2    None
 Leda's Liquefaction      Hex/Erth       #####.....   5%          4    None
 Shroud of Golubria       Chrm/Tloc      ###...       6%          2    None
 Confusing Touch          Hex            ####....     8%          3    None
 Spectral Weapon          Hex/Chrm       ####....     8%          3    None
 Inner Flame              Hex/Fire       ###.....     12%         3    None
 Portal Projectile        Hex/Tloc       ###...       12%         3    None
 Gell's Gravitas          Tloc           ###.......   19%         3    None
 Yara's Violent Unravell  Hex/Tmut       ####......   38%         5    ###....
 Metabolic Englaciation   Hex/Ice        ####......   58%         5    ###....


Dungeon Overview and Level Annotations

Branches:
Dungeon (9/15)             Temple (1/1) D:4            Lair (0/6) D:9
    Orc: D:9-12

Altars:
Ashenzari
Cheibriados
Dithmenos
Elyvilon
Fedhas
Gozag
Hepliaklqana
Kikubaaqudgha
Makhleb
Nemelex Xobeh
Okawaru
Qazlal
Ru
Sif Muna
Trog
Uskayaw
Vehumet
Wu Jian
Xom
Yredelemnul
Zin
The Shining One

Shops:
D:9 (


Message History

Okay, then.
Casting: Slow (safe; 4% risk of failure)
Confirm with . or Enter, or press ? or * to list all spells.
Aiming: Slow (safe; 4% risk of failure)
Press: ? - help, Shift-Dir - straight line, f/p - two-headed hydra
Aim: a two-headed hydra (chance to defeat MR: 30%)
The two-headed hydra easily resists.
The two-headed hydra bites you. The two-headed hydra bites you!
* * * LOW HITPOINT WARNING * * *
Unknown command.
Okay, then.
Okay, then.
Okay, then.
Okay, then.
As you read the scroll of fear, it crumbles to dust.
You assume a fearsome visage.
The two-headed hydra resists with some effort.
The two-headed hydra bites you but does no damage.
The two-headed hydra bites you!
You die...

.........#........#...##...#.....
.........#>.......#...#....#.....
....##########....###.######.....
....# +..Y%Y#......#............
....#) #.).†.#......'............
#####'###'''##......#.......####.
#D≈P.....######'#.......# #.
#P≈≈.%...#..............# #.
#≈)P%.P..#.D@...........# #.
#P≈†.†.%.#.############## #.
#PP≈.≈.≈.#.# #. #####.####.# #.
#......# ## ########


You could see a two-headed hydra.

Vanquished Creatures
  2 two-headed ogres (D:8)
  2 dream sheep (D:9)
  A hippogriff (D:8)
  The ghost of Skimidon the Ruffian, an amateur VSIE (D:4)
  Eustachio (D:6)
  2 yaks (D:9)
  Grum (D:8)
  3 wargs (D:9)
  A soldier ant (D:9)
  A black bear (D:9)
  4 ogres
  3 ice beasts
  3 wolves
  A centaur (D:5)
  4 big kobolds
  4 bullfrogs
  A wyvern skeleton (D:8)
  2 scorpions
  A wight (D:6)
  A howler monkey (D:7)
  An electric eel (D:6)
  6 crimson imps
  3 bullfrog zombies
  A centaur zombie (D:4)
  2 jellies
  3 orc priests
  A centaur skeleton (D:5)
  2 hounds
  2 orc wizards
  Crazy Yiuf (D:4)
  Jessica (D:2)
  5 iguanas
  2 hound skeletons
  A howler monkey zombie (D:7)
  A worker ant zombie (D:8)
  5 adders
  4 gnolls (D:4)
  A shadow imp (D:8)
  A white imp (D:4)
  A worker ant simulacrum (D:4)
  3 worms (D:2)
  10 dart slugs
  2 adder simulacra (D:4)
  6 leopard geckos
  18 orcs
  5 giant cockroaches
  6 goblins
  8 hobgoblins
  11 jackals
  2 quokkas
  11 bats
  A giant cockroach zombie (D:6)
  A jackal skeleton (D:4)
  10 kobolds
  A leopard gecko simulacrum (D:4)
  A quokka simulacrum (D:4)
  3 rats
182 creatures vanquished.

Vanquished Creatures (others)
  A plant (D:4)
1 creature vanquished.

Grand Total: 183 creatures vanquished

Notes
Turn   | Place    | Note
-------+----------+-------------------------------------------
     0 | D:1      | protoss039 the Deep Elf Earth Elementalist began the quest
                  | for the Orb.
     0 | D:1      | Reached XP level 1. HP: 10/10 MP: 6/6
   359 | D:1      | Reached XP level 2. HP: 15/15 MP: 5/8
  1041 | D:2      | Reached XP level 3. HP: 19/19 MP: 7/10
  1397 | D:2      | Reached skill level 4 in Spellcasting
  1674 | D:2      | Reached XP level 4. HP: 24/24 MP: 8/12
  1721 | D:2      | Noticed Jessica
  1726 | D:2      | Learned a level 2 spell: Passwall
  1730 | D:2      | Learned a level 3 spell: Stone Arrow
  1734 | D:2      | Killed Jessica
  2310 | D:3      | Reached skill level 5 in Spellcasting
  2318 | D:3      | Reached XP level 5. HP: 28/28 MP: 10/14
  2948 | D:3      | Learned a level 4 spell: Petrify
  3049 | D:4      | Reached skill level 5 in Earth Magic
  3376 | D:4      | Noticed an ogre
  3382 | D:4      | Killed an ogre
  3382 | D:4      | Reached skill level 6 in Spellcasting
  3382 | D:4      | Reached XP level 6. HP: 32/32 MP: 6/17
  3399 | D:4      | Learned a level 5 spell: Lee's Rapid Deconstruction
  3851 | D:4      | Found a runed translucent gate.
  3852 | D:4      | Found a runed translucent gate.
  3852 | D:4      | Found a runed translucent gate.
  3880 | D:4      | Noticed Skimidon's ghost (amateur VSIE)
  3882 | D:4      | Noticed an ice beast
  3902 | D:4      | Found a staircase to the Ecumenical Temple.
  4423 | D:4      | Found a runed translucent door.
  4424 | D:4      | Noticed Crazy Yiuf
  4572 | D:4      | Reached skill level 7 in Spellcasting
  4884 | D:4      | Killed Skimidon's ghost
  4884 | D:4      | Reached skill level 1 in Conjurations
  4884 | D:4      | Reached XP level 7. HP: 36/36 MP: 7/20
  4904 | Temple   | Entered the Ecumenical Temple
  5066 | Temple   | Became a worshipper of Sif Muna the Loreminder
  5239 | D:4      | Killed Crazy Yiuf
  5306 | D:5      | Entered Level 5 of the Dungeon
  5361 | D:5      | Reached skill level 8 in Spellcasting
  5523 | D:5      | Learned a level 2 spell: Slow
  5528 | D:5      | Learned a level 4 spell: Cause Fear
  5793 | D:5      | Found a white marble altar of Elyvilon.
  5910 | D:5      | Reached XP level 8. HP: 39/41 MP: 17/22
  5951 | D:5      | Reached skill level 9 in Spellcasting
  6480 | D:6      | Noticed Eustachio
  6485 | D:6      | Killed Eustachio
  6485 | D:6      | Reached skill level 1 in Hexes
  6485 | D:6      | Reached skill level 1 in Invocations
  6570 | D:6      | Learned a level 3 spell: Ozocubu's Armour
  6674 | D:6      | Reached skill level 10 in Spellcasting
  6932 | D:6      | Reached skill level 1 in Charms
  7078 | D:6      | Reached skill level 1 in Ice Magic
  7441 | D:4      | Reached * piety under Sif Muna
  8010 | D:7      | Reached XP level 9. HP: 45/45 MP: 20/25
  8556 | D:8      | Noticed Grum
  8728 | D:8      | Reached skill level 11 in Spellcasting
  8772 | D:8      | Noticed a two-headed ogre
  8777 | D:8      | Killed a two-headed ogre
  8777 | D:8      | Reached skill level 1 in Armour
  8950 | D:8      | Killed Grum
  8950 | D:8      | Reached skill level 12 in Spellcasting
  9131 | D:8      | Reached ** piety under Sif Muna
  9250 | D:8      | Found a stormy altar of Qazlal.
  9355 | D:8      | Found a sparkling altar of Nemelex Xobeh.
  9454 | D:8      | Noticed a two-headed ogre
  9457 | D:8      | Killed a two-headed ogre
  9457 | D:8      | Reached XP level 10. HP: 50/50 MP: 12/28
 10012 | D:9      | Found a staircase to the Lair.
 10118 | D:9      | Reached skill level 13 in Spellcasting
 10204 | D:9      | Found Tempum's Antique Weapon Emporium.
 10576 | D:9      | Noticed a two-headed hydra
 10758 | D:9      | HP: 1/50 [two-headed hydra (16)]
 10766 | D:9      | Mangled by a two-headed hydra

Illustrated notes

Levels and vault maps discovered:
D:1:      mrwooster_arrival_statue_2, layout_loops_cross, grunt_decor_cap
D:2:      layout_basic, first_ration, uniq_jessica
D:3:      kennysheep_slugbush, layout_loops_cross
D:4:      layout_layer_cave, minmay_temple_entry_gardened_gates,
          gammafunk_ghost_icy, uniq_crazy_yiuf_cottage
D:5:      layout_basic, elyvilon_altar_1
D:6:      minmay_chambers_of_threes, layout_basic, nicolae_lava_and_water,
          kennysheep_generic_room_12, uniq_eustachio
D:7:      layout_loops_ring
D:8:      layout_cave_pools, old_standard_altar, nemelex_lonely_heart_becter,
          uniq_grum
D:9:      layout_irregular_city, erik_lair_orcish_takeover, serial_shops,
          nicolae_shop_overgrown_old_shop, hangedman_ranch
          [blue_anna_fruit_fields]
Temple:   kilobyte_greek_temple

Skill      XL: |  1  2  3  4  5  6  7  8  9 10 |
---------------+-------------------------------+-----
Dodging        | 3 |  3.0
Stealth        | 3 |  3.0
Earth Magic    | 4 5 6 7 8 9 |  9.4
Spellcasting   | 4 5 6 7 8 10 12 13 | 13.4
Conjurations   | 1 2 3 4 |  4.1
Hexes          | 2 |  2.0
Invocations    | 1 3 4 |  4.0
Charms         | 2 |  2.0
Transmutations | 2 4 |  4.6
Ice Magic      | 1 2 |  2.0
Armour         | 2 |  2.6

Action                   |  1- 3 |  4- 6 |  7- 9 | 10-12 || total
-------------------------+-------+-------+-------+-------++-------
Melee: Unarmed           |     5 |       |       |       ||     5
       Short sword       |     9 |     7 |       |       ||    16
 Cast: Sandblast         |    56 |    64 |    40 |    21 ||   181
       Stone Arrow       |       |    21 |    79 |    18 ||   118
       Lee's Rapid Decon |       |     2 |    12 |     7 ||    21
       Petrify           |       |       |     1 |       ||     1
       Slow              |       |       |       |     6 ||     6
  Use: Scroll            |       |     5 |     2 |     1 ||     8
 Stab: Sleeping          |     1 |     1 |       |       ||     2
  Eat: Chunk             |     2 |     9 |    10 |     5 ||    26
       Ration            |       |     1 |     1 |       ||     2
Armor: Robe              |     5 |     1 |       |       ||     6
       Leather armour    |       |       |     7 |     1 ||     8
Dodge: Dodged            |    31 |    13 |    15 |     9 ||    68
